 Dungeon Crawl Stone Soup version 0.29-a0-378-gc08b2e8bf8 (webtiles) character file.

Game seed: 2870301199455811453

11 lesaewzxc the Vexing (level 2, -1/16 HPs)
             Began as a Kobold Arcane Marksman on May 4, 2022.
             Frozen to death by an endoplasm (3 damage)
             ... on level 2 of the Dungeon.
             The game lasted 00:03:49 (481 turns).

lesaewzxc the Vexing (Kobold Arcane Marksman)        Turns: 481, Time: 00:03:50

Health: -1/16      AC:  2    Str:  7    XL:     2   Next: 40%
Magic:  4/4        EV: 15    Int: 14    God:
Gold:   47         SH:  0    Dex: 15    Spells: 2/3 levels left

rFire   . . .      SeeInvis .   a - +0 hand crossbow
rCold   . . .      Faith    .   (no shield)
rNeg    . . .      Spirit   .   b - +0 robe
rPois   .          Reflect  .   (no helmet)
rElec   .          Harm     .   (no cloak)
rCorr   .          Rampage  .   (no gloves)
Will    .....                   (no boots)
Stlth   ++........              (no amulet)
HPRegen 0.05/turn               (no ring)
MPRegen 0.09/turn               (no ring)

@: no status effects
A: small, no large weapons, nightstalker 3
a: no special abilities


You were on level 2 of the Dungeon.
You visited 1 branch of the dungeon, and saw 2 of its levels.

You collected 47 gold pieces.

Inventory:

Hand Weapons
 a - a +0 hand crossbow (weapon)
Armour
 b - a +0 robe (worn)
Jewellery
 e - a ring of magical power
Scrolls
 c - a scroll of vulnerability
 g - 2 scrolls of identify {unknown}
 h - a scroll of enchant armour {unknown}
 i - a scroll of teleportation {unknown}
Potions
 d - a potion of might {unknown}
 f - a potion of berserk rage {unknown}


   Skills:
 + Level 1.3 Fighting
 * Level 2.9 Crossbows
 + Level 2.6 Dodging
 + Level 0.0 Stealth
 * Level 1.4 Spellcasting
 + Level 0.2 Conjurations
 + Level 3.1 Hexes
 + Level 0.0 Summonings
 + Level 0.0 Translocations
 + Level 0.0 Transmutations
 + Level 0.0 Poison Magic
 + Level 0.0 Invocations
 + Level 0.2 Evocations


You had 2 spell levels left.
You knew the following spells:

 Your Spells              Type           Power      Damage    Failure   Level
a - Slow                  Hex            36%        N/A       7%          1

Your spell library contained the following spells:

 Spells                   Type           Power      Damage    Failure   Level
 Inner Flame              Hex/Fire       5%         N/A       38%         3
 Portal Projectile        Hex/Tloc       10%        N/A       38%         3
 Cause Fear               Hex            4%         N/A       56%         4


Dungeon Overview and Level Annotations

Branches:
Dungeon (2/15)

Altars:


Innate Abilities, Weirdness & Mutations

You are small and have problems with some larger weapons.
You are completely attuned to the shadows.


Message History

Aim: a hobgoblin (lightly wounded, 60% to hit)
You shoot a bolt. The bolt closely misses the hobgoblin.
The hobgoblin closely misses you.
The endoplasm hits you but does no damage.
Shoot: a) +0 hand crossbow
Press: ? - help, Shift-Dir - straight line, f/p - hobgoblin
Aim: a hobgoblin (lightly wounded, 60% to hit)
You shoot a bolt. The bolt closely misses the hobgoblin.
The hobgoblin closely misses you. The endoplasm barely misses you.
Unknown command.
Shoot: a) +0 hand crossbow
Press: ? - help, Shift-Dir - straight line, f/p - hobgoblin
Aim: a hobgoblin (lightly wounded, 60% to hit)
You shoot a bolt. The bolt closely misses the hobgoblin.
The bolt hits the dart slug but does no damage.
The hobgoblin misses you. The endoplasm freezes you.
You are frozen.
The endoplasm barely misses you. The hobgoblin barely misses you.
Shoot: a) +0 hand crossbow
Press: ? - help, Shift-Dir - straight line, f/p - hobgoblin
Aim: a hobgoblin (lightly wounded, 60% to hit)
You shoot a bolt. The bolt closely misses the hobgoblin.
The bolt hits the dart slug!
The dart slug is almost dead.
The hobgoblin hits you. The endoplasm freezes you.
You are frozen.
* * * LOW HITPOINT WARNING * * *
Shoot: a) +0 hand crossbow
Press: ? - help, Shift-Dir - straight line, f/p - hobgoblin
Aim: a hobgoblin (lightly wounded, 60% to hit)
You shoot a bolt. The bolt closely misses the hobgoblin.
The bolt hits the dart slug.
You kill the dart slug!
The hobgoblin hits you but does no damage.
The endoplasm barely misses you. The endoplasm freezes you.
You are frozen.
You die...

#......#
#.###### .. #.#
#. #.# #.##.##
#.#
#.#...########.#
....#..........#
#...†#######..#
#.#@## #..#
..rJg# #..#
....$# #..#
[...## #..# .#.#


You could see an endoplasm, a hobgoblin and a rat.

Vanquished Creatures
  A dart slug (D:2)
  An endoplasm (D:1)
  A goblin (D:1)
  3 hobgoblins
  2 ball pythons
  A bat (D:2)
  2 kobolds (D:1)
  A rat (D:1)
12 creatures vanquished.

Notes
Turn   | Place    | Note
-------+----------+-------------------------------------------
     0 | D:1      | lesaewzxc the Kobold Arcane Marksman began the quest for
                  | the Orb.
     0 | D:1      | Reached XP level 1. HP: 12/12 MP: 2/2
   263 | D:1      | Reached XP level 2. HP: 16/16 MP: 3/3
   481 | D:2      | Frozen to death by an endoplasm

Illustrated notes

Levels and vault maps discovered:
D:1:      evilmike_arrival_hilbert_curve, layout_loops_corners,
          shapermc_ecumenical_altar_mp_vishouse
D:2:      layout_loops_ring, basic_altar

Action                   || total
-------------------------++-------
Melee: Hand crossbow     ||     4
 Fire: Hand crossbow     ||    33
 Stab: Sleeping          ||     1
Armor: Robe              ||     5
Dodge: Dodged            ||    33

Table legend: (Time is in decaauts)
 A = Elapsed time spent in this place.
 B = Non-inter-level travel time spent in this place.
 C = Inter-level travel time spent in this place.
 D = Time resting spent in this place.
 E = Time spent auto-exploring this place.
 F = Levels seen in this place.
 G = Mean time per level.
                   A        B        C        D        E       F      G
               +--------+--------+--------+--------+--------+-----+--------+
         Total |    494 |    426 |     68 |      0 |    208 |   2 |  247.0 |
       Dungeon |    494 |    426 |     68 |      0 |    208 |   2 |  247.0 |
               +--------+--------+--------+--------+--------+-----+--------+

Top non-repeatable levels by time:
     D:1: 428 daAuts
     D:2: 65 daAuts
